 Dungeon Crawl Stone Soup version 0.29-a0-857-g9b1aa3ac5b (webtiles) character file.

Game seed: 500656692534160142

34 Sabo the Digger (level 3, -2/26 HPs)
             Began as a Draconian Earth Elementalist on July 16, 2022.
             Slain by a worm (9 damage)
             ... on level 2 of the Dungeon.
             The game lasted 00:09:21 (1559 turns).

Sabo the Digger (Draconian Earth Elementalist)      Turns: 1559, Time: 00:09:22

Health: -2/26      AC:  5    Str: 10    XL:     3   Next: 14%
Magic:  5/6        EV: 12    Int: 17    God:
Gold:   44         SH:  0    Dex: 11    Spells: 5/6 levels left

rFire   . . .      SeeInvis .   g - staff of air
rCold   . . .      Faith    .   (no shield)
rNeg    . . .      Spirit   .   (body armour unavailable)
rPois   .          Reflect  .   (helmet restricted)
rElec   +          Harm     .   (no cloak)
rCorr   .          Rampage  .   (no gloves)
Will    .....                   (no boots)
Stlth   ++........              (no amulet)
HPRegen 0.08/turn               (no ring)
MPRegen 0.10/turn               (no ring)

@: lethally poisoned (-2 -> -2)
A: AC +5, unfitting armour, cold-blooded
a: no special abilities


You were on level 2 of the Dungeon.
You visited 1 branch of the dungeon, and saw 2 of its levels.

You collected 44 gold pieces.

Inventory:

Hand Weapons
 c - a +0 sling
 d - a +0 spear
Magical Staves
 g - a staff of air (weapon)
Scrolls
 f - a scroll of amnesia {unknown}
Potions
 a - 3 potions of magic
 b - 2 potions of curing {unknown}
 e - 3 potions of haste {unknown}
 h - a potion of brilliance {unknown}


   Skills:
 + Level 0.1 Staves
 + Level 2.0 Dodging
 + Level 2.0 Stealth
 + Level 0.5 Unarmed Combat
 + Level 2.3 Spellcasting
 + Level 1.0 Transmutations
 + Level 3.6 Earth Magic


You had 5 spell levels left.
You knew the following spells:

 Your Spells              Type           Power      Damage    Failure   Level
a - Sandblast             Erth           28%        2d8       4%          1

Your spell library contained the following spells:

 Spells                   Type           Power      Damage    Failure   Level
 Passwall                 Tmut/Erth      7%         N/A       11%         2
 Stone Arrow              Conj/Erth      16%        3d8       26%         3
 Ozocubu's Armour         Ice            1%         N/A       50%         3
 Petrify                  Tmut/Erth      9%         N/A       58%         4
 Metabolic Englaciation   Hex/Ice        0%         N/A       99%         5
 Simulacrum               Ice/Necr       0%         N/A       100%        6


Dungeon Overview and Level Annotations

Branches:
Dungeon (2/15)

Altars:

Shops:
D:1 (


Innate Abilities, Weirdness & Mutations

Your plain brown scales are hard. (AC +5)
You cannot fit into any form of body armour.
You are cold-blooded and may be slowed by cold attacks.


Message History

Confirm with . or Enter, or press ? or * to list all spells.
Aiming: Sandblast (safe; 4% risk of failure)
Press: ? - help, Shift-Dir - straight line, f - rat
Aim: a rat (79% to hit)
The blast of sand hits the rat!
You kill the rat!
You start resting.
Magic restored.
A worm comes into view.
Found a stone staircase leading down.
An adder comes into view.
Casting: Sandblast (safe; 4% risk of failure)
Confirm with . or Enter, or press ? or * to list all spells.
Aiming: Sandblast (safe; 4% risk of failure)
Press: ? - help, Shift-Dir - straight line, f - worm
Aim: a worm (93% to hit)
The blast of sand hits the worm!
The worm is heavily wounded.
You hit the worm but do no damage.
The worm is moderately wounded.
The worm bites you.
You hit the worm.
You tail-slap the worm, but do no damage.
The worm is heavily wounded.
The adder barely misses you. The adder bites you.
You are poisoned.
The adder poisons you! The worm bites you.
You hit the worm. You tail-slap the worm.
The worm is severely wounded.
You feel sick. The adder closely misses you. The worm bites you.
You barely miss the worm.
The worm is heavily wounded.
You feel sick. The adder closely misses you. The adder barely misses you.
You hit the worm.
Your tail-slap misses the worm.
The worm is severely wounded.
You feel sick. The adder bites you. The worm misses you. The adder misses you.
You barely miss the worm.
The worm is severely wounded.
You feel sick. The adder bites you but does no damage. The worm bites you!
You die...

####........†......
#. ..
#.................
#. ##.
#..........##....
#................
#..........###.#
#..........##
########....#
####.## #@w#
##S...... .......
.....>. .......
....... .......
.......


You could see a worm and an adder.

Vanquished Creatures
  An adder (D:2)
  7 bats
  An endoplasm (D:1)
  A giant cockroach (D:2)
  A goblin (D:1)
  2 hobgoblins
  4 kobolds (D:1)
  A quokka (D:2)
  2 ball pythons (D:1)
  A frilled lizard (D:1)
  4 rats
  2 toadstools (D:1)
27 creatures vanquished.

Vanquished Creatures (others)
  2 toadstools (D:1)
2 creatures vanquished.

Grand Total: 29 creatures vanquished

Notes
Turn   | Place    | Note
-------+----------+-------------------------------------------
     0 | D:1      | Sabo the Draconian Earth Elementalist began the quest for
                  | the Orb.
     0 | D:1      | Reached XP level 1. HP: 14/14 MP: 3/3
   405 | D:1      | Found Ater's Weapon Boutique.
   432 | D:1      | Reached XP level 2. HP: 20/20 MP: 3/5
  1454 | D:2      | Reached XP level 3. HP: 26/26 MP: 3/6
  1559 | D:2      | Slain by a worm

Illustrated notes

Levels and vault maps discovered:
D:1:      ldierk_water_garden, layout_loops_ring, serial_shops,
          nicolae_shop_bloodbath_and_beyond
D:2:      layout_rooms, grunt_decor_one_mirror, uniq_sigmund

Skill      XL: |  1  2 |
---------------+-------+-----
Dodging        | 2 |  2.0
Stealth        | 2 |  2.0
Staves         | |  0.1
Unarmed Combat | |  0.5
Spellcasting   | |  2.3
Transmutations | |  1.0
Earth Magic    | |  3.6

Action                   || total
-------------------------++-------
Melee: Unarmed           ||    18
       Tailslap          ||     6
       Spear             ||    10
       Staff             ||     8
 Cast: Sandblast         ||    36
Armor: Skin              ||    19
Dodge: Dodged            ||    36

Table legend: (Time is in decaauts)
 A = Elapsed time spent in this place.
 B = Non-inter-level travel time spent in this place.
 C = Inter-level travel time spent in this place.
 D = Time resting spent in this place.
 E = Time spent auto-exploring this place.
 F = Levels seen in this place.
 G = Mean time per level.
                   A        B        C        D        E       F      G
               +--------+--------+--------+--------+--------+-----+--------+
         Total |   1599 |   1599 |      0 |    594 |      0 |   2 |  799.5 |
       Dungeon |   1599 |   1599 |      0 |    594 |      0 |   2 |  799.5 |
               +--------+--------+--------+--------+--------+-----+--------+

Top non-repeatable levels by time:
     D:1: 1411 daAuts
     D:2: 188 daAuts
